Workbook

Sheet ST Action Plan
D1: 2019-2020թթ. ՀԱՅԱՍՏԱՆԻ ՀԱՆՐԱՊԵՏՈՒԹՅԱՆ ԴԱՏԱԿԱՆ ԵՎ ԻՐԱՎԱԿԱՆ ԲԱՐԵՓՈԽՈՒՄՆԵՐԻ ՌԱԶՄԱՎԱՐՈՒԹՅՈՒՆԻՑ ԲԽՈՂ 2021-2023թթ. ԳՈՐԾՈՂՈՒԹՅՈՒՆՆԵՐԻ ԾՐԱԳՐԻ ԾԱԽՍԵՐԻ ԳՆԱՀԱՏԱԿԱՆ
D3: Նպատակ 1.Անցումային արդարադատության գործիքակազմի կիրառման միջոցով իրական ժողովրդավարության հաստատում և իրավունքի գերակայության ամրապնդում
D4: Գործողություն | E4: Պատասխանատու մարմին | F4: Ծախսերի գնահատական, հազար դրամ | H4: Ընդամենը | I4: Ֆինանսավորման աղբյուր
F5: 2019 թվական | G5: 2020 թվական
A6: 2 | B6: 1 | C6: 1 | D6: «Փաստահավաք հանձնաժողովի կազմավորման կարգի և գործունեության մասին» օրենքի մշակում: | E6: ՀՀ արդարադատության նախարարություն | F6: 0 | G6: 0 | H6: =SUM(F6:G6) -> 0 | I6: Օրենքով չարգելված միջոցներ: | K6: Fact-finding
A7: 2 | B7: 1 | C7: 2 | D7: Փաստահավաք հանձնաժողովի ձևավորում | E7: Ազգային Ժողով Վարչապետի աշխատակազմ (համաձայնությամբ) | F7: 0 | G7: ='Cost details'!B11/1000 -> 179431.2 | H7: =SUM(F7:G7) -> 179431.2 | I7: Օրենքով չարգելված միջոցներ: | K7: Fact-finding
D8: Ընդամենը Նպատակ 1 | F8: =F7+F6 -> 0 | G8: =G7+G6 -> 179431.2 | H8: =SUM(F8:G8) -> 179431.2
A9: 2 | D9: 0
A10: 2 | B10: 2 | C10: 1 | D10: Սահմանադրական բարեփոխումների հանձնաժողովի կազմն ու աշխատակարգը սահմանող փաստաթղթրի մշակում և ընդունում | E10: ՀՀ արդարադատության նախարարություն Վարչապետի աշխատակազմ (համաձայնությամբ) | F10: 0 | G10: 0 | H10: =SUM(F10:G10) -> 0 | I10: Օրենքով չարգելված միջոցներ:
D11: Ընդամենը Նպատակ 2 | F11: =F10 -> 0 | G11: =G10 -> 0 | H11: =SUM(F11:G11) -> 0
A12: 2 | D12: Նպատակ 3. Ընտրական օրենսդրության բարեփոխում
A13: 2 | B13: 3 | C13: 1 | D13: ՀՀ ընտրական օրենսգրքի փոփոխությունների և լրացումների փաթեթի մշակում | E13: ՀՀ արդարադատության նախարարություն | F13: 0 | G13: 0 | H13: =SUM(F13:G13) -> 0 | I13: Օրենքով չարգելված միջոցներ:
D14: Ընդամենը Նպատակ 3 | F14: =F13 -> 0 | G14: =G13 -> 0 | H14: =SUM(F14:G14) -> 0
A15: 2 | D15: Նպատակ 4. Դատական իշխանության անկախության և անաչառության ամրապնդում, կոռուպցիայից և հովանավորչությունից զերծ դատական համակարգ
A16: 2 | B16: 4 | C16: 1 | D16: «Հայաստանի Հանրապետության դատական օրենսգիրք» սահմանադրական օրենքում կատարել փոփոխություններ և լրացումներ՝ ուղղված դատավորին կարգապահական պատասխանատվության ենթարկելու հիմքերի կատարելագործմանը, որոնք, ի թիվս այլնի, ներառում են. | E16: ՀՀ արդարադատության նախարարություն, ՀՀ ԱԺ Պետական-իրավական հարցերի մշտական հանձնաժողով (համաձայնությամբ: | F16: 0 | G16: 0 | H16: =SUM(F16:G16) -> 0 | I16: Օրենքով չարգելված միջոցներ:
A17: 2 | D17: 1. հստակեցնել դատավորի լիազորությունների դադարեցման համար հիմք հանդիսացող էական կարգապահական խախտումների ցանկը՝ ապահովելու համար իրավական որոշակիությունը. | F17: 0 | G17: 0 | H17: =SUM(F17:G17) -> 0
A18: 2 | D18: 2. հստակեցնել դատական սխալը դատավորի կողմից իր մասնագիտական գործունեության ընթացքում մարդու իրավունքների և ազատությունների հիմնարար խախտումից տարանջատելու հիմքերը. | F18: 0 | G18: 0 | H18: =SUM(F18:G18) -> 0
A19: 2 | D19: 3. հստակեցնել դատավորի վարքագծի կանոնները՝ դրանցից հանելով այն կանոնները, որոնք ձևակերպված են ոչ հստակ կամ որոնք բնույթով ոչ թե կարգապահական, այլ էթիկայի կանոններ են: | F19: 0 | G19: 0 | H19: =SUM(F19:G19) -> 0
A20: 2 | B20: 4 | C20: 2 | D20: Հստակեցնել «Հայաստանի Հանրապետության դատական օրենսգիրք» սահմանադրական օրենքում՝ | E20: ՀՀ արդարադատության նախարարություն, ՀՀ ԱԺ Պետական-իրավական հարցերի մշտական հանձնաժողով (համաձայնությամբ): | F20: 0 | G20: 0 | H20: =SUM(F20:G20) -> 0 | I20: Օրենքով չարգելված միջոցներ:
A21: 2 | D21: 1.կարգապահական վարույթի և դատավորին կարգապահական պատասխանատվության ենթարկելու հարցի քննության ընթացակարգերը. | F21: 0 | G21: 0
A22: 2 | D22: 2.դատավորին կարգապահական պատասխանատվության ենթարկելու վերաբերյալ որոշումների բողոքարկման ընթացակարգը. | F22: 0 | G22: 0
A23: 2 | D23: 3. ընդլայնել Բարձրագույն դատական խորհրդի՝ դատավորին կարգապահական պատասխանատվության ենթարկելու հարցի քննարկման հետ կապված լիազորությունները: | F23: 0 | G23: 0
A24: 2 | B24: 4 | C24: 3 | D24: «Հայաստանի Հանրապետության դատական օրենսգիրք» սահմանադրական օրենքում հստակեցնել ԲԴԽ անդամների համար նախատեսված կարգապահական պատասխանատվության հիմքերը և ընթացակարգը: | E24: ՀՀ արդարադատության նախարարություն, ՀՀ ԱԺ Պետական-իրավական հարցերի մշտական հանձնաժողով (համաձայնությամբ): | F24: 0 | G24: 0 | H24: =SUM(F24:G24) -> 0 | I24: Օրենքով չարգելված միջոցներ:
A25: 2 | B25: 4 | C25: 4 | D25: «Հայաստանի Հանրապետության դատական օրենսգիրք» սահմանադրական օրենքում կատարել լրացում՝ դատավորի նկատմամբ կարգապահական վարույթ հարուցելու իրավասություն ունեցող մարմինների ցանկը համալրելով Կոռուպցիայի կանխարգելման հանձնաժողովով: | E25: ՀՀ արդարադատության նախարարություն, ՀՀ ԱԺ Պետական-իրավական հարցերի մշտական հանձնաժողով և Կոռուպցիայի կանխարգելման հանձնաժողով (համաձայնությամբ): | F25: 0 | G25: 0 | H25: =SUM(F25:G25) -> 0 | I25: Օրենքով չարգելված միջոցներ:
A26: 2 | B26: 4 | C26: 5 | D26: «Հայաստանի Հանրապետության դատական օրենսգիրք» սահմանադրական օրենքում, «Կոռուպցիայի կանխարգելման հանձնաժողովի մասին» և «Հանրային ծառայության մասին» օրենքներում սահմանել դատավորների բարեվարքության գնահատման համար անհրաժեշտ կառուցակարգեր՝ ուղղված. | E26: ՀՀ արդարադատության նախարարություն, ՀՀ ԱԺ Պետական-իրավական հարցերի մշտական հանձնաժողով և Կոռուպցիայի կանխարգելման հանձնաժողով (համաձայնությամբ): | F26: 0 | G26: 0 | H26: =SUM(F26:G26) -> 0 | I26: Օրենքով չարգելված միջոցներ:
A27: 2 | B27: 4 | C27: 6 | D27: «Հայաստանի Հանրապետության դատական օրենսգիրք» սահմանադրական օրենքում կատարել փոփոխություն՝ նպատակ ունանալով Կարգապահական հարցերի հանձնաժողովի փոխարեն ստեղծել Էթիկայի և կարգապահական հարցերի հանձնաժողով, որի անդամները կընտրվեն ոչ թե հինգ, այլ երկու տարով և որը կընդգրկի ոչ միայն դատավորներին, այլև ՄԻՊ և հանրության ներկայացուցիչների: | E27: ՀՀ արդարադատության նախարարություն, ՀՀ ԱԺ Պետական-իրավական հարցերի մշտական հանձնաժողով և Կոռուպցիայի կանխարգելման հանձնաժողով (համաձայնությամբ): | F27: 0 | G27: 0 | H27: =SUM(F27:G27) -> 0 | I27: Օրենքով չարգելված միջոցներ:
A28: 2 | B28: 4 | C28: 7 | D28: Վերապատրաստել. | F28: ='Cost details'!F60/2/1000 -> 8394 | G28: ='Cost details'!B18/1000 -> 917.322 | H28: =G28+F28 -> 9311.322 | K28: Trainings
A29: 2 | D29: 1.ԲԴԽ անդամներին՝ նպատակ ունենալով զարգացնել նրանց կարողությունները կատարված օրենսդրական փոփոխությունների և ներդրված նոր մեխանիզմների կիրառման բնագավառում. | E29: ՀՀ արդարադատության նախարարություն, ՀՀ արդարադատության ակադեմիա, Կոռուպցիայի կանխարգելման հանձնաժողով (համաձայնությամբ):
A30: 2 | D30: 2.Կոռուպցիայի կանխարգելման հանձնաժողովի անդամներին՝ նպատակ ունենալով զարգացնել նրանց կարողությունները կատարված օրենսդրական փոփոխությունների և ներդրված նոր մեխանիզմների կիրառման բնագավառում:
D31: Ընդամենը Նպատակ 4 | F31: =F28+F27+F26+F25+F24+F20 -> 8394 | G31: =G28+G27+G26+G25+G24+G20 -> 917.322 | H31: =SUM(F31:G31) -> 9311.322
A32: 2 | D32: Նպատակ 5. Դատական իշխանության անկախության և անաչառության ամրապնդում Ռազմավարական ուղղություն՝ Դատավորների թեկնածուների հավակնորդների որակավորման ստուգման կարգի կատարելագործում
A33: 2 | B33: 5 | C33: 1 | D33: «Հայաստանի Հանրապետության դատական օրենսգիրք» սահմանադրական օրենքում կատարել փոփոխություններ և լրացումներ ուղղված՝ | E33: ՀՀ արդարադատության նախարարություն, Բարձրագույն դատական խորհուրդ (համաձայնությամբ): | F33: 0 | G33: 0 | H33: =SUM(F33:G33) -> 0
A34: 2 | D34: ա) գնահատման հանձնաժողովի կազմավորման կարգի փոփոխությանը. | F34: 0 | G34: 0
A35: 2 | D35: բ) գնահատման չափանիշների հստակեցմանը և գնահատման պատճառաբանվածության ապահովմանը. | F35: 0 | G35: 0
A36: 2 | D36: գ) հարցազրույցի փուլում միջազգային առաջատար հոգեբանական ինստիտուտների կողմից կազմված հոգեբանական թեստի անցկացմանը. | F36: 0 | G36: 0
A37: 2 | D37: դ) քննության արդյունքների բողոքարկման ընթացակարգի ներդրմանը և Բարձրագույն դատական խորհրդի որոշման ընդունման թափանցիկության ապահովմանը: | F37: 0 | G37: 0
A38: 2 | B38: 5 | C38: 2 | D38: Մշակել օրենսդրական փոփոխություններ ուղղված՝ դատավորի աշխատավարձի և դրա նկատմամբ սահմանված հավելավճարների, դատավորի կենսաթոշակի ավելացմանը, ինչպես նաև հանրային ծառայողին տրամադրվող այլ սոցիալական երաշխիքների ապահովմանը: | E38: ՀՀ արդարադատության նախարարություն, ՀՀ ֆինանսների նախարարություն և ԲԴԽ (համաձայնությամբ): | F38: 0 | G38: 0 | H38: =SUM(F38:G38) -> 0 | I38: Օրենքով չարգելված միջոցներ:
A39: 2 | B39: 5 | C39: 3 | D39: Իրականացնել դատավորների վերապատրաստումներ հետևյալ բնագավառներում՝ | E39: ՀՀ արդարադատության նախարարություն և ՀՀ արդարադատության ակադեմիա: | F39: ='Cost details'!F60/1000 -> 16788 | G39: ='Cost details'!B24/1000 -> 3996.903 | H39: =SUM(F39:G39) -> 20784.903 | I39: Օրենքով չարգելված միջոցներ: | K39: Trainings
A40: 2 | D40: ա) կոռուպցիոն, տնտեսական և պաշտոնեական հանցագործությունների քննություն,
A41: 2 | D41: բ) էլեկտրոնային արդարադատության գործիքների ներդրմանը զուգահեռ կարևորվում է դատավորների՝ էլեկտրոնային կրիչների վրա գտնվող ապացույցների հետ աշխատելու հմտությունների զարգացումը,
A42: 2 | D42: գ) մասնագիտական վարքագծի կանոններ և էթիկա,
A43: 2 | D43: դ) «Մարդու իրավունքների և հիմնարար ազատությունների պաշտպանության մասին» եվրոպական կոնվենցիայի կոնկրետ հոդվածների վերաբերյալ Մարդու իրավունքների եվրոպական դատարանի նախադեպային իրավունք:
A44: 2 | B44: 5 | C44: 4 | D44: Փոփոխություններ կատարել համապատասխան իրավական ակտերում՝ ուղղված դատավորի աշխատակազմի թվաքանակի ավելացմանը: | E44: ՀՀ արդարադատության նախարարություն, ՀՀ ֆինանսների նախարարություն, ԲԴԽ (համաձայնությամբ): | F44: 0 | G44: 0 | H44: =SUM(F44:G44) -> 0 | I44: Օրենքով չարգելված միջոցներ:
A45: 2 | B45: 5 | C45: 5 | D45: Փոփոխություններ կատարել համապատասխան իրավական ակտերում՝ ուղղված դատավորի աշխատակազմի աշխատավարձերի բարձրացմանը: | E45: ՀՀ արդարադատության նախարարություն, ՀՀ ֆինանսների նախարարություն, ԲԴԽ (համաձայնությամբ): | F45: 0 | G45: 0 | H45: =SUM(F45:G45) -> 0 | I45: Օրենքով չարգելված միջոցներ:
A46: 2 | B46: 5 | C46: 6 | D46: Դատարաններին ապահովել իրենց արդյունավետ գործունեության համար անհրաժեշտ շենքային պայմաններով: | E46: ՀՀ արդարադատության նախարարություն, ՀՀ ֆինանսների նախարարություն և ԲԴԽ (համաձայնությամբ): | F46: 0 | G46: 0 | H46: =SUM(F46:G46) -> 0 | I46: Օրենքով չարգելված միջոցներ:
A47: 2 | B47: 5 | C47: 7 | D47: Դատարաններին ապահովել իրենց արդյունավետ գործունեության համար անհրաժեշտ նյութատեխնիկական բազայով: | E47: ՀՀ արդարադատության նախարարություն, ՀՀ ֆինանսների նախարարություն և ԲԴԽ (համաձայնությամբ): | F47: 0 | G47: 0 | H47: =SUM(F47:G47) -> 0 | I47: Օրենքով չարգելված միջոցներ:
A48: 2 | B48: 5 | C48: 8 | D48: Հանրության մոտ դատական իշխանության դերի ընկալման և դրա նկատմամբ վստահության բարձրացմանն ուղղված իրազեկման միջոցառումների ձեռնարկում | E48: Արդարադատության նախարարություն, Բարձրագույն դատական խորհուրդ (համաձայնությամբ) | F48: 0 | G48: =50000*475/1000 -> 23750 | H48: =SUM(F48:G48) -> 23750 | I48: Օրենքով չարգելված միջոցներ | K48: public awareness
D49: Ընդամենը Նպատակ 5 | F49: =F48+F47+F46+F45+F44+F39 -> 16788 | G49: =G48+G47+G46+G45+G44+G39 -> 27746.903 | H49: =SUM(F49:G49) -> 44534.903
A50: 2 | D50: Նպատակ 6. Վեճերի լուծման այլընտրանքային եղանակների զարգացում
A51: 2 | B51: 6 | C51: 1 | D51: 1) Ներդնել հաշտարարության իրականացման ժամանակակից գործիքների ներդնման ուղղությամբ (առցանց հաշտարարություն, հեռախոսային հաշտարարություն)` դրանց միջոցով սպառողների և հանրային ծառայություններ մատուցող կազմակերպությունների միջև վեճերի լուծումն իրականացնելու համար: | E51: ՀՀ արդարադատության նախարարություն | F51: 0 | G51: 0 | H51: =SUM(F51:G51) -> 0 | I51: Օրենքով չարգելված միջոցներ:
A52: 2 | D52: 2) ընդլայնել Ֆինանսական համակարգի հաշտարարի գործունեության ուղղությունները, վերջինիս վերապահելով նաև իրավաբանական անձանց միջև վեճերը քննելու և լուծելու լիազորություններ.
A53: 2 | D53: 3) ստորագրել «Մեդիացիայի արդյունք հանդիսացող՝ վեճերի կարգավորման վերաբերյալ միջազգային համաձայնագրերի մասին» Միավորված ազգերի կազմակերպության կոնվենցիան և վերջինիս հիման վրա ՀՀ օրենսդրությամբ դրա կիրառման համապատասխան կառուցակարգեր սահմանել: | E53: Ֆինանսական համակարգի հաշտարարի գրասենյակ (համաձայնությամբ)
D54: Ընդամենը Նպատակ 6 | F54: =F51 -> 0 | G54: =G51 -> 0 | H54: =SUM(F54:G54) -> 0
A55: 2 | D55: Նպատակ 7. Քրեական և քրեադատավարական օրենսդրության բարեփոխում
A56: 2 | B56: 7 | C56: 1 | D56: Մշակել ՀՀ քրեական նոր օրենսգրքի նախագիծ | E56: ՀՀ արդարադատության նախարարություն | F56: 0 | G56: 0 | H56: =SUM(F56:G56) -> 0 | I56: Օրենքով չարգելված միջոցներ:
A57: 2 | B57: 7 | C57: 2 | D57: Կազմակերպել ՀՀ քրեական նոր օրենսգրքի նախագծի հանրային քննարկումը | E57: ՀՀ արդարադատության նախարարություն | F57: =3000000/2/1000 -> 1500 | G57: 0 | H57: =SUM(F57:G57) -> 1500 | I57: Օրենքով չարգելված միջոցներ: | K57: MOJ
A58: 2 | B58: 7 | C58: 3 | D58: ՀՀ քրեական նոր օրենսգրքի նախագիծը ներկայացնել ՀՀ կառավարության, ապա՝ ՀՀ ԱԺ քննարկմանը | E58: ՀՀ արդարադատության նախարարություն | F58: 0 | G58: 0 | H58: =SUM(F58:G58) -> 0 | I58: Օրենքով չարգելված միջոցներ:
A59: 2 | B59: 7 | C59: 4 | D59: ՀՀ քրեական նոր օրենսգրքի վերաբերյալ քրեական վարույթի բոլոր հանրային մասնակիցների և դատավորների վերապատրաստումներ: | E59: ՀՀ արդարադատության նախարարություն, ՀՀ արդարադատության ակադեմիա | F59: 0 | G59: ='Cost details'!F60/1000+'Cost details'!F71/1000 -> 29529.6 | H59: =SUM(F59:G59) -> 29529.6 | I59: Օրենքով չարգելված միջոցներ: | K59: Trainings
A60: 2 | B60: 7 | C60: 5 | D60: Օրենսդրական փոփոխություններից բխող գործառույթների իրականացման համար անհրաժեշտ նյութատեխնիկական աջակցություն տրամադրել քրեական վարույթն իրականացնող մարմիններին, այդ թվում՝ դատարաններին: | E60: ՀՀ ֆինանսների նախարարություն | F60: 0 | G60: 0 | H60: =SUM(F60:G60) -> 0 | I60: Օրենքով չարգելված միջոցներ:
A61: 2 | B61: 7 | C61: 6 | D61: Մշակել ՀՀ քրեական դատավարության նոր օրենսգրքի նախագիծ | E61: ՀՀ արդարադատության նախարարություն | F61: 0 | G61: 0 | H61: =SUM(F61:G61) -> 0 | I61: Օրենքով չարգելված միջոցներ:
A62: 2 | B62: 7 | C62: 7 | D62: Կազմակերպել ՀՀ քրեական դատավարության նոր օրենսգրքի նախագծի հանրային քննարկումը | E62: ՀՀ արդարադատության նախարարություն | F62: 1500 | G62: 0 | H62: =SUM(F62:G62) -> 1500 | I62: Օրենքով չարգելված միջոցներ: | K62: MOJ
A63: 2 | B63: 7 | C63: 8 | D63: ՀՀ քրեական դատավարության նոր օրենսգրքի նախագիծը ներկայացնել ՀՀ կառավարության, ապա՝ ՀՀ ԱԺ քննարկմանը | E63: ՀՀ արդարադատության նախարարություն | F63: 0 | G63: 0 | H63: =SUM(F63:G63) -> 0 | I63: Օրենքով չարգելված միջոցներ:
A64: 2 | B64: 7 | C64: 9 | D64: ՀՀ քրեական դատավարության նոր օրենսգրքի վերաբերյալ քրեական վարույթի բոլոր հանրային մասնակիցների և դատավորների վերապատրաստումներ: | E64: ՀՀ արդարադատության նախարարություն, ՀՀ արդարադատության ակադեմիա | F64: 0 | G64: ='Cost details'!F60/1000+'Cost details'!F71/1000 -> 29529.6 | H64: =SUM(F64:G64) -> 29529.6 | I64: Օրենքով չարգելված միջոցներ: | K64: Trainings
A65: 2 | B65: 7 | C65: 10 | D65: Օրենսդրական փոփոխություններից բխող գործառույթների իրականացման համար անհրաժեշտ նյութատեխնիկական աջակցություն տրամադրել քրեական վարույթն իրականացնող մարմիններին, այդ թվում՝ դատարաններին: | E65: ՀՀ ֆինանսների նախարարություն | F65: 0 | G65: 0 | H65: =SUM(F65:G65) -> 0 | I65: Օրենքով չարգելված միջոցներ:
D66: Ընդամենը Նպատակ 7 | F66: =F65+F64+F63+F62+F61+F60+F59+F58+F57+F56 -> 3000 | G66: =G65+G64+G63+G62+G61+G60+G59+G58+G57+G56 -> 59059.2 | H66: =SUM(F66:G66) -> 62059.2
A67: 2 | D67: Նպատակ 8. Իրավապահ համակարգի բարեփոխում
A68: 2 | B68: 8 | C68: 1 | D68: Ներդնել դատախազների բարեվարքության գնահատման կառուցակարգ՝ գործի դնելով դատավորների բարեվարքության գնահատման համար որդեգրված սկզբունքները | E68: ՀՀ արդարադատության նախարարություն, ՀՀ գլխավոր դատախազություն (համաձայնությամբ) | F68: 0 | G68: 0 | H68: =SUM(F68:G68) -> 0 | I68: Օրենքով չարգելված միջոցներ
A69: 2 | B69: 8 | C69: 2 | D69: Փոփոխել Որակավորման հանձնաժողովի կազմման կանոնները, որպեսզի դրա անդամների պարզ մեծամասնությունը նշանակվի գլխավոր դատախազի մասնակցությունը չներառող գործընթացով և ընդլայնել ոչ ավագ պաշտոններում դատախազների ներկայացվածությունը դատախազների ներկայացուցչական մարմիններում | E69: ՀՀ արդարադատության նախարարություն, ՀՀ գլխավոր դատախազություն (համաձայնությամբ) | F69: 0 | G69: 0 | H69: =SUM(F69:G69) -> 0 | I69: Օրենքով չարգելված միջոցներ
A70: 2 | B70: 8 | C70: 3 | D70: «Դատախազության մասին» օրենքում կատարել փոփոխություններ և լրացումներ՝ ուղղված դատախազների թեկնածուներին առաջադրվող պահանջների վերանայմանը և դատախազների ընտրության մրցույթի թափանցիկության ապահովմանը | E70: ՀՀ արդարադատության նախարարություն, ՀՀ գլխավոր դատախազություն (համաձայնությամբ) | F70: 0 | G70: 1500 | H70: =SUM(F70:G70) -> 1500 | K70: Prosecution
A71: 2 | B71: 8 | C71: 4 | D71: Իրականացնել դատախազության կառուցվածքային փոփոխություններ և կարողությունների զարգացում պետական շահերի ոչ քրեադատավարական միջոցներով պաշտպանության բնագավառում, ինչպես նաև կոռուպցիոն, տնտեսական, պաշտոնեական և այլ հանցագործությունների քննության, էլեկտրոնային ապացույցների հետ աշխատելու և այլ բնագավառներում: | E71: ՀՀ արդարադատության նախարարություն, ՀՀ գլխավոր դատախազություն (համաձայնությամբ) | F71: ='Cost details'!F60/1000 -> 16788 | H71: =SUM(F71:G71) -> 16788 | K71: Trainings
D72: Ընդամենը Նպատակ 8 | F72: =F71+F70+F69+F68 -> 16788 | G72: =G71+G70+G69+G68 -> 1500 | H72: =SUM(F72:G72) -> 18288
A73: 2 | D73: Նպատակ 9. Իրավապահ համակարգի բարեփոխում
A74: 2 | B74: 9 | C74: 1 | D74: Համապատասխան իրավական ակտերում կատարել փոփոխություններ և լրացումներ՝ ուղղված քննիչներին կարգապահական պատասխանատվության ենթարկելու հիմքերի և ընթացակարգերի կատարելագործմանը | E74: ՀՀ արդարադատության նախարարություն, ՀՀ քննչական կոմիտե, ՀՀ հատուկ քննչական ծառայություն, ՀՀ ազգային անվտանգության ծառայություն | F74: 0 | G74: 0 | H74: =SUM(F74:G74) -> 0 | I74: Օրենքով չարգելված միջոցներ
A75: 2 | B75: 9 | C75: 2 | D75: Իրականացնել քննիչների կարողությունների զարգացում կոռուպցիոն, տնտեսական, պաշտոնեական և այլ հանցագործությունների քննության, էլեկտրոնային ապացույցների հետ աշխատելու և այլ բնագավառներում | E75: ՀՀ արդարադատության նախարարություն, ՀՀ արդարադատության ակադեմիա (համաձայնությամբ) | F75: ='Cost details'!F60/1000 -> 16788 | G75: ='Cost details'!B30/1000 -> 21292.949 | H75: =SUM(F75:G75) -> 38080.949 | I75: Օրենքով չարգելված միջոցներ | K75: Trainings
D76: Ընդամենը Նպատակ 9 | F76: =F75+F74 -> 16788 | G76: =G75+G74 -> 21292.949 | H76: =SUM(F76:G76) -> 38080.949
A77: 2 | D77: Նպատակ 10. Քաղաքացիական և քաղաքացիական դատավարության օրենսդրության բարեփոխում
A78: 2 | B78: 10 | C78: 1 | D78: Մշակել ՀՀ քաղաքացիական օրենսգրքում և այլ իրավական ակտերում փոփոխություններ կատարելուն ուղղված օրենքների նախագծեր: | E78: ՀՀ արդարադատության նախարարություն | F78: 0 | G78: 0 | H78: =SUM(F78:G78) -> 0 | I78: Պետական բյուջե կամ օրենքով չարգելված այլ միջոցներ:
A79: 2 | B79: 10 | C79: 2 | D79: Մշակել ՀՀ «Սպառողական կրեդիտավորման մասին» ՀՀ օրենքի, «Բանկային ավանդների ներգրավման մասին» ՀՀ օրենքի, «Բանկերի և բանկային գործունեության մասին» ՀՀ օրենքի, «Ավտոտրանսպորտային միջոցների օգտագործումից բխող պատասխանատվության պարտադիր ապահովագրության մասին» ՀՀ օրենքի, «Վճարման հանձնարարակով միջոցների փոխանցումների մասին» ՀՀ օրենքի, «Բանկային գաղտնիքի մասին» ՀՀ օրենքի և նշված օրենքներից բխող այլ իրավական ակտերում փոփոխություններ կատարելուն ուղղված նախագծեր: | E79: ՀՀ արդարադատության նախարարություն | F79: 0 | G79: 0 | H79: =SUM(F79:G79) -> 0 | I79: Պետական բյուջե
A80: 2 | B80: 10 | C80: 3 | D80: ՀՀ քաղաքացիական դատավարության օրենսգրքում կատարել փոփոխություններ՝ վերանայելով հայցադիմումները վերադարձնելու ինստիտուտը: | E80: ՀՀ արդարա-դատության նախարարություն, ՀՀ բարձրագույն դատական խորհուրդ (համաձայնությամբ): | F80: 0 | G80: 0 | H80: =SUM(F80:G80) -> 0 | I80: ՀՀ պետական բյուջե (…. դրամ), միջազգային գործընկերների հետ համագործակցություն:
D81: Ընդամենը Նպատակ 10 | F81: =F80+F79 -> 0 | G81: =G80+G79 -> 0 | H81: =SUM(F81:G81) -> 0
A82: 2 | D82: Նպատակ 11. Վարչական արդարադատության և վարչական վարույթի արդյունավետության բարձրացում
A83: 2 | B83: 11 | C83: 1 | D83: ՀՀ վարչական դատավարության օրենսգրքում կատարել փոփոխություններ՝ նախատեսելով Վճռաբեկ դատարանի վարչական պալատ: | E83: ՀՀ արդարադատության նախարարություն, Բարձրագույն դատական խորհուրդ (համաձայնությամբ): | F83: 0 | G83: 0 | H83: =SUM(F83:G83) -> 0 | I83: Պետական բյուջե կամ օրենքով չարգելված այլ միջոցներ:
A84: 2 | B84: 11 | C84: 2 | D84: ՀՀ վարչական դատավարության օրենսգրքում և ՀՀ քրեական դատավարության օրենսգրքում կատարել փոփոխություններ: | E84: ՀՀ արդարադատության նախարարություն, Բարձրագույն դատական խորհուրդ (համաձայնությամբ): | F84: 0 | G84: 0 | H84: =SUM(F84:G84) -> 0 | I84: Պետական բյուջե կամ օրենքով չարգելված այլ միջոցներ:
A85: 2 | B85: 11 | C85: 3 | D85: ՀՀ վարչական դատավարության օրենսգրքում կատարել փոփոխություններ՝ ներդնելով ծանուցումների նոր ընթացակարգեր: | E85: ՀՀ արդարադատության նախարարություն, ՀՀ բարձրագույն դատական խորհուրդ (համաձայնությամբ): | F85: 0 | G85: 0 | H85: =SUM(F85:G85) -> 0 | I85: Պետական բյուջե կամ օրենքով չարգելված այլ միջոցներ:
A86: 2 | B86: 11 | C86: 4 | D86: ՀՀ վարչական դատավարության օրենսգրքում կատարել փոփոխություններ՝ ներդնելով գրավոր և պարզեցված նոր վարույթներ: | E86: ՀՀ արդարադատության նախարարություն, ՀՀ բարձրագույն դատական խորհուրդ (համաձայնությամբ): | F86: 0 | G86: 0 | H86: =SUM(F86:G86) -> 0 | I86: Պետական բյուջե կամ օրենքով չարգելված այլ միջոցներ:
A87: 2 | B87: 11 | C87: 5 | D87: ՀՀ վարչական դատավարության օրենսգրքում և <<Պետական տուրքի մասին>> օրենքում կատարել փոփոխություններ՝ սահմանելով հարկադիր կատարողների գործողությունները բողոքարկելու վերաբերյալ դիմումներով, ինչպես նաև վարչական իրավախախտումների վերաբերյալ համապատասխան լիազորված մարմինների ընդունած որոշման դեմ բողոքներով պետական տուրք վճարելու պարտականություն: | E87: ՀՀ արդարադատության նախարարություն, ՀՀ բարձրագույն դատական խորհուրդ (համաձայնությամբ): | F87: 0 | G87: 0 | H87: =SUM(F87:G87) -> 0 | I87: Պետական բյուջե
A88: 2 | B88: 11 | C88: 6 | D88: ՀՀ վարչական դատավարության օրենսգրքում կատարել փոփոխություններ՝ վերանայելով հատուկ վարույթների տեսակները: | E88: ՀՀ արդարադատության նախարարություն, ՀՀ բարձրագույն դատական խորհուրդ (համաձայնությամբ): | F88: 0 | G88: 0 | H88: =SUM(F88:G88) -> 0 | I88: Պետական բյուջե կամ օրենքով չարգելված այլ միջոցներ:
A89: 2 | B89: 11 | C89: 7 | D89: «Վարչարարության հիմունքների և վարչական վարույթի մասին» օրենքում կատարել փոփոխություններ՝ սահմանելով վարչական ակտերի պարտադիր բողոքարկման ընթացակարգեր: | E89: ՀՀ արդարադատության նախարարություն | F89: 0 | G89: 0 | H89: =SUM(F89:G89) -> 0 | I89: Պետական բյուջե
A90: 2 | B90: 11 | C90: 8 | D90: Վարչական իրավախախտումների վերաբերյալ նոր օրենսգրքի ընդունում: | E90: ՀՀ արդարադատության նախարարություն | F90: 0 | G90: 0 | H90: =SUM(F90:G90) -> 0 | I90: Պետական բյուջե
A91: 2 | B91: 11 | C91: 9 | D91: Վարչական իրավախախտումների վերաբերյալ օրենսգրքում կատարել փոփոխություններ: | E91: ՀՀ արդարադատության նախարարություն | F91: 0 | G91: 0 | H91: =SUM(F91:G91) -> 0 | I91: Պետական բյուջե
D92: Ընդամենը Նպատակ 11 | F92: =F83+F84+F85+F86+F87+F88+F89+F90+F91 -> 0 | G92: =G83+G84+G85+G86+G87+G88+G89+G90+G91 -> 0 | H92: =SUM(F92:G92) -> 0
A93: 2 | D93: Նպատակ 12. Սնանկության համակարգի արդյունավետության բարձրացում
A94: 2 | B94: 12 | C94: 1 | D94: «Սնանկության մասին» օրենքում կատարել համապատասխան փոփոխություններ` վերանայելով սնանկության կառավարիչների կարգապահական պատասխանատվության ինստիուտը | E94: ՀՀ արդարադատության նախարարություն | F94: 0 | G94: 0 | H94: =SUM(F94:G94) -> 0 | I94: Պետական բյուջե կամ օրենքով չարգելված այլ միջոցներ:
A95: 2 | B95: 12 | C95: 2 | D95: Ընդունել սնանկության կառավարիչների որակավորման իրականացման կարգ սահմանող նախարարի նորմատիվ իրավական ակտ: | E95: ՀՀ արդարադատության նախարարություն | F95: 0 | G95: 0 | H95: =SUM(F95:G95) -> 0 | I95: Պետական բյուջե կամ օրենքով չարգելված այլ միջոցներ:
A96: 2 | B96: 12 | C96: 3 | D96: Նախաձեռնել «Սնանկության մասին» օրենքի գիտագործնական մեկնաբանությունների, ձեռնարկների և (կամ) ուղեցույցների մշակում: | E96: ՀՀ արդարադատության նախարարություն, բարձրագույն ուսումնական հաստատություններ (համաձայնությամբ), Սնանկության դատարան (համաձայնությամբ): | G96: ='Cost details'!F60/1000 -> 16788 | H96: =SUM(F96:G96) -> 16788 | I96: Միջազգային գործընկերների հետ համագործակցություն: | K96: MOJ
A97: 2 | B97: 12 | C97: 4 | D97: Բարելավել սնանկության կառավարիչների վերապատրաստման ծրագրերը: | E97: ՀՀ արդարադատության նախարարություն, սնանկության կառավարիչների ինքնակարգավորվող կազմակերպություններ | F97: 0 | G97: ='Cost details'!F60/1000 -> 16788 | H97: =SUM(F97:G97) -> 16788 | K97: Trainings
A98: 2 | B98: 12 | C98: 5 | D98: «Սնանկության մասին» օրենքում կատարել համապատասխան փոփոխություններ` վերանայելով գույքի գույքագրմանը և գնահատմանը վերաբերող կարգավորումները: | E98: ՀՀ արդարադատության նախարարություն | F98: 0 | G98: 0 | H98: =SUM(F98:G98) -> 0 | I98: Պետական բյուջե
A99: 2 | B99: 12 | C99: 6 | D99: Մշակել սնանկության վարույթում գույքի վաճառքի իրականացման կարգը սահմանող Կառավարության որոշման նախագիծ | E99: ՀՀ արդարադատության նախարարություն | F99: 0 | G99: 0 | H99: =SUM(F99:G99) -> 0 | I99: Պետական բյուջե կամ օրենքով չարգելված այլ միջոցներ:
A100: 2 | B100: 12 | C100: 7 | D100: «Սնանկության մասին» օրենքում կատարել համապատասխան փոփոխություններ՝ հստակ սահմանելով դատարանի կոնկրետ գործողությունների համար կոնկրետ ժամկետներ, հնարավորինս բացառել դատավարական գործողություններում դատական հայեցողության տարրերը, ընդլայնել պարտատիրոջ իրավունքները սնանկության կառավարչի վարձատրությունը և ծախսերը հաստատելու, սնանկության կառավարչի նշանակման և լիազորությունների դադարեցման, լուծարման կամ ֆինանսական առողջացման ծրագիրը հաստատելու մասին որոշումներ կայացնելիս: | E100: ՀՀ արդարադատության նախարարություն | F100: 0 | G100: 0 | H100: =SUM(F100:G100) -> 0 | I100: Պետական բյուջե կամ օրենքով չարգելված այլ միջոցներ:
A101: 2 | B101: 12 | C101: 8 | D101: Վերանայել սնանկության դատավորների վերապատրաստման ծրագրերը: | E101: ՀՀ արդարադատության նախարարություն, Բարձրագույն դատական խորհուրդ (համաձայնությամբ) Արդարադատության ակադեմիա (համաձայնությամբ | F101: 0 | G101: ='Cost details'!F60/1000 -> 16788 | H101: =SUM(F101:G101) -> 16788 | I101: Պետական բյուջե կամ օրենքով չարգելված այլ միջոցներ: | K101: Trainings
...

Sheet LT Action Plan
D2: 2021-2023թթ. ՀԱՅԱՍՏԱՆԻ ՀԱՆՐԱՊԵՏՈՒԹՅԱՆ ԴԱՏԱԿԱՆ ԵՎ ԻՐԱՎԱԿԱՆ ԲԱՐԵՓՈԽՈՒՄՆԵՐԻ ՌԱԶՄԱՎԱՐՈՒԹՅՈՒՆԻՑ ԲԽՈՂ 2021-2023թթ. ԳՈՐԾՈՂՈՒԹՅՈՒՆՆԵՐԻ ԾՐԱԳՐԻ ԾԱԽՍԵՐԻ ԳՆԱՀԱՏԱԿԱՆ
D5: Նպատակ 1.Անցումային արդարադատության միջոցով լիարժեք ժողովրդավարության հաստատում և իրավունքի գերակայության ամրապնդում
D6: Գործողություն | E6: Պատասխանատու մարմին | F6: Ծախսերի գնահատական, հազար դրամ | J6: Ֆինանսավորման աղբյուր
F7: 2021 թվական | G7: 2022 թվական | H7: 2023 թվական | I7: Ընդամենը
A8: 3 | B8: 1 | C8: 1 | D8: Փաստահավաք հանձնաժողովի կողմից իր գործունեության իրականացում, զեկույցի ներկայացում և ՀՀ կառավարությանն ու ՀՀ ԱԺ-ին խորհրդատվական եզրակացության տրամադրում | E8: Փաստահավաք հանձնաժողով | F8: ='Cost details'!B11/1000 -> 179431.2 | G8: 0 | H8: 0 | I8: =SUM(F8:H8) -> 179431.2 | J8: Օրենքով չարգելված միջոցներ | L8: Fact-finding
A9: 3 | B9: 1 | C9: 2 | D9: Փաստահավաք հանձնաժողովի զեկույցի ամփոփման հիման վրա ձեռնարկել խախտումներից տուժած անձանց իրավունքների վերականգնմանն ուղղված միջոցառումներ | E9: ՀՀ արդարադատության նախարարություն | F9: 0 | G9: 0 | H9: 0 | I9: =SUM(F9:H9) -> 0 | J9: Օրենքով չարգելված միջոցներ
A10: 3 | B10: 1 | C10: 4 | D10: Փաստահավաք հանձնաժողովի զեկույցի ամփոփման հիման վրա ձեռնարկել խախտումների կրկնությունը բացառելուն ուղղված ինստիտուցիոնալ բարեփոխումներ | E10: ՀՀ արդարադատության նախարարություն | F10: 0 | G10: 0 | H10: 0 | I10: =SUM(F10:H10) -> 0 | J10: Օրենքով չարգելված միջոցներ
D11: Ընդամենը Նպատակ 1 | F11: =F10+F9+F8 -> 179431.2 | G11: =G10+G9+G8 -> 0 | H11: =H10+H9+H8 -> 0 | I11: =SUM(F11:H11) -> 179431.2
A12: 3 | D12: Նպատակ 2. Սահմանադրական բարեփոխումների իրականացում
A13: 3 | B13: 2 | C13: 1 | D13: Սահմանադրական բարեփոխումների հանձնաժողովի կողմից սահմանադրական բարեփոխումների նախագծի մշակում | E13: ՀՀ արդարադատության նախարարություն, Սահմանադրական բարեփոխումների հանձնաժողով (համաձայնությամբ): | F13: 0 | G13: 0 | H13: 0 | I13: =SUM(F13:H13) -> 0 | J13: Օրենքով չարգելված միջոցներ
A14: 3 | B14: 2 | C14: 2 | D14: Սահմանադրական բարեփոխումների նախագծի հանրային քննարկում և սահմանադրական հանրաքվեի նախաձեռնում | E14: Արդարադատության նախրարություն | F14: 0 | G14: 0 | H14: 2800000 | I14: =SUM(F14:H14) -> 2800000 | L14: Central Electoral Commission
D15: Ընդամենը Նպատակ 2 | F15: =F14+F13 -> 0 | G15: =G14+G13 -> 0 | H15: =H14+H13 -> 2800000 | I15: =SUM(F15:H15) -> 2800000
A16: 3 | D16: Նպատակ 3. Դատական իշխանության հանրային հաշվետվողականության կառուցակարգերի բարելավում
A17: 3 | B17: 3 | C17: 1 | D17: Դատական գործերի էլեկտրոնային մակագրության և բաշխման կարգի կատարելագործում | E17: ՀՀ արդարադատության նախարարություն, Բարձրագույն դատական խորհուրդ (համաձայնությամբ) | F17: 0 | G17: 0 | I17: =SUM(F17:H17) -> 0 | J17: Օրենքով չարգելված միջոցներ
A18: 3 | B18: 3 | C18: 2 | D18: Ներդնել հանրության համար հասանելի առցանց ռեժիմում գործող դատարանների գործունեությունն ամփոփող զեկույցների և վիճակագրության հրապարակման կառուցակարգ | E18: ՀՀ արդարադատության նախարարություն, Բարձրագույն դատական խորհուրդ (համաձայնությամբ)։ | F18: 0 | G18: 0 | I18: =SUM(F18:H18) -> 0
D19: Ընդամենը Նպատակ 3 | F19: =F18+F17 -> 0 | G19: =G18+G17 -> 0 | H19: =H18+H17 -> 0 | I19: =SUM(F19:H19) -> 0
A20: 3 | D20: Նպատակ 4. Պետական և տեղական ինքնակառավարման մարմինների կողմից մատուցվող ծառայությունների միասնական հարթակի ապահովում
A21: 3 | B21: 4 | C21: 1 | D21: Պետական և տեղական ինքնակառավարման մարմինների կողմից մատուցվող որոշ ծառայությունների մատուցման միասնական կենտրոնի ստեղծումը «մեկ կանգառ, մեկ պատուհան» սկզբունքի կիրառմամբ | E21: ՀՀ արդարադատության նախարարություն | F21: 0 | G21: 0 | H21: 0 | I21: Պետական որոշ ծառայությունների մատուցման միասնական առնվազն մեկ կենտրոն է ստեղծվել | J21: Օրենքով չարգելված միջոցներ
D22: Ընդամենը Նպատակ 4 | F22: =F21 -> 0 | G22: =G21 -> 0 | H22: =H21 -> 0 | I22: =SUM(F22:H22) -> 0
A23: 3 | D23: Նպատակ 5. Դատարանների գործունեության արդյունավետության բարձրացում
A24: 3 | D24: Ռազմավարական ուղղություններ՝
A25: 3 | D25: Դատարանների ծանրաբեռնվածության նվազեցում և դատական քննության ողջամիտ ժամկետի ապահովում
A26: 3 | D26: Դատավորների և նրանց աշխատակազմի կարողությունների բարձրացում
A27: 3 | B27: 5 | C27: 1ա | D27: Դատավորների և դատավորների օգնականների թվի ավելացում | E27: ՀՀ արդարադատության նախարարություն, Բարձրագույն դատական խորհուրդ (համաձայնությամբ) | F27: ='Cost details'!D137*1000 -> 369442.14 | G27: ='Cost details'!E137*1000 -> 742391.7 | H27: ='Cost details'!F137*1000 -> 706664.43 | I27: =SUM(F27:H27) -> 1818498.3 | J27: Օրենքով չարգելված միջոցներ | L27: Judiciary
C28: 1բ | D28: Դատավորների աշխատավարձերի բարձրացում (որպես հետևանք 2019-2020թթ. Գործողությունների ծրագրով նախատեսված օրենսդրական փոփոխությունների արդյունքնում դատավորների աշխատավարձերի բարձրացման) | F28: ='Cost details'!D135*1000 -> 832097.37 | G28: ='Cost details'!E135*1000 -> 832097.37 | I28: =SUM(F28:H28) -> 1664194.7 | L28: Judiciary
A29: 3 | B29: 5 | C29: 2 | D29: Շարունակել իրականացնել դատավորների վերապատրաստումներ հետևյալ բնագավառներում՝ | E29: ՀՀ արդարադատության նախարարություն, ՀՀ արդարադատության ակադեմիա (համաձայնությամբ) | F29: ='Cost details'!B24/1000 -> 3996.903 | G29: =F29 -> 3996.903 | H29: ='Cost details'!D24 -> 0 | I29: =SUM(F29:H33) -> 7993.806 | J29: Օրենքով չարգելված միջոցներ: | L29: Trainings
A30: 3 | D30: ա) կոռուպցիոն, տնտեսական և պաշտոնեական հանցագործությունների քննություն,
A31: 3 | D31: բ) էլեկտրոնային արդարադատության գործիքների ներդրմանը զուգահեռ կարևորվում է դատավորների՝ էլեկտրոնային կրիչների վրա գտնվող ապացույցների հետ աշխատելու հմտությունների զարգացումը,
A32: 3 | D32: գ) մասնագիտական վարքագծի կանոններ և էթիկա,
A33: 3 | D33: դ) «Մարդու իրավունքների և հիմնարար ազատությունների պաշտպանության մասին» եվրոպական կոնվենցիայի կոնկրետ հոդվածների վերաբերյալ Մարդու իրավունքների եվրոպական դատարանի նախադեպային իրավունք:
A34: 3 | B34: 5 | C34: 3 | D34: Դատարաններին ապահովել իրենց արդյունավետ գործունեության համար անհրաժեշտ շենքային պայմաններով | E34: ՀՀ ֆինանսների նախարարություն | F34: =('Cost details'!D113+'Cost details'!D114)*1000 -> 3169036 | G34: ='Cost details'!E115*1000 -> 2044128 | H34: 0 | I34: =SUM(F34:H34) -> 5213164 | J34: Օրենքով չարգելված միջոցներ | L34: Judiciary
D35: Ընդամենը Նպատակ 5 | F35: =SUM(F27:F34) -> 4374572.4 | G35: =SUM(G27:G34) -> 3622614 | H35: =SUM(H27:H34) -> 706664.43 | I35: =SUM(I27:I34) -> 8703850.8
A36: 3 | D36: Նպատակ 6. Դատական փորձաքննությունների արդյունավետության բարձրացում
A37: 3 | B37: 6 | C37: 1 | D37: ՀՀ-ում գործող պետական դատափորձագիտական հիմնարկները միավորել մեկ միասնական կենտրոնում, այդ կենտրոնին տրամադրել իր գործունեության արդյունավետության բարձրացման համար անհրաժեշտ տեխնիկա: | E37: ՀՀ արդարադատության նախարարություն, ՀՀ ֆինանսների նախարարություն | F37: 15000 | G37: =300000*500/2000 -> 75000 | H37: =300000*500/2000 -> 75000 | I37: =SUM(F37:H37) -> 165000 | J37: Օրենքով չարգելված միջոցներ: | L37: MOJ
A38: 3 | B38: 6 | C38: 2 | D38: Անձնական տվյալների պաշտպանության գործակալության կարողությունների զարգացում, տեխնիկական ու ծրագրային ապահովում | E38: ՀՀ արդարադատության նախարարություն | F38: ='Cost details'!F60/1000+'Cost details'!B37/1000 -> 17312.184 | G38: 0 | H38: 0 | I38: =SUM(F38:H38) -> 17312.184 | J38: Օրենքով չարգելված միջոցներ | L38: Trainings
A39: 3 | C39: 3 | D39: «Անձնական տվյալների ավտոմատացված մշակման դեպքում անհատների պաշտպանության մասին» կոնվենցիայի փոփոխող արձանագրության ստորագրում և վավերացում | E39: ՀՀ արդարադատության նախարարություն | F39: 0 | G39: 0 | H39: 0 | I39: =SUM(F39:H39) -> 0 | J39: Օրենքով չարգելված միջոցներ
D40: Ընդամենը Նպատակ 6 | F40: =F39+F38+F37 -> 32312.184 | G40: =G39+G38+G37 -> 75000 | H40: =H39+H38+H37 -> 75000
A41: 3 | D41: Նպատակ 7. Քաղաքացիական արդարադատության արդյունավետության բարձրացում
A42: 3 | B42: 7 | C42: 1 | D42: ՀՀ քաղաքացիական դատավարության օրենսգրքում և Հաշտարարության մասին օրենքում փոփոխությունների կատարում: | E42: ՀՀ արդարադատության նախարարություն, ՀՀ բարձրագույն դատական խորհուրդ (համաձայնությամբ): | F42: 0 | G42: 0 | H42: 0 | I42: =SUM(F42:H42) -> 0 | J42: Պետական բյուջե կամ օրենքով չարգելված այլ միջոցներ:
A43: 3 | B43: 7 | C43: 2 | D43: ՀՀ քաղաքացիական դատավարության օրենսգրքի կիրառության ընթացքում ծագած խնդիրների առանձնացում և դրանց լուծման նպատակով փոփոխությունների կատարում: | E43: ՀՀ արդարադատության նախարարություն, ՀՀ բարձրագույն դատական խորհուրդ (համաձայնությամբ): | F43: 0 | G43: 0 | H43: 0 | I43: =SUM(F43:H43) -> 0 | J43: Պետական բյուջե
A44: 3 | B44: 7 | C44: 3 | D44: Մշակել ՀՀ քաղաքացիական օրենսգրքում և այլ իրավական ակտերում փոփոխություններ կատարելուն ուղղված օրենքների նախագծեր: | E44: ՀՀ արդարադատության նախարարություն | F44: 0 | G44: 0 | H44: 0 | I44: =SUM(F44:H44) -> 0 | J44: Պետական բյուջե
D45: Ընդամենը Նպատակ 7 | F45: =F44+F43+F42 -> 0 | G45: =G44+G43+G42 -> 0 | H45: =H44+H43+H42 -> 0 | I45: =SUM(F45:H45) -> 0
A46: 3 | D46: Նպատակ 8. Վարչական արդարադատության արդյունավետության բարձրացում
A47: 3 | B47: 8 | C47: 1 | D47: ՀՀ վարչական դատավարության օրենսգրքում փոփոխությունների կատարում: | E47: ՀՀ արդարադատության նախարարություն, ՀՀ բարձրագույն դատական խորհուրդ (համաձայնությամբ): | F47: 0 | G47: 0 | H47: 0 | I47: =SUM(F47:H47) -> 0 | J47: Պետական բյուջե
D48: Ընդամենը Նպատակ 8 | F48: =F47 -> 0 | G48: =G47 -> 0 | H48: =H47 -> 0 | I48: =SUM(F48:H48) -> 0
A49: 3 | D49: Նպատակ 9. Սնանկության համակարգի արդյունավետության բարձրացում
A50: 3 | B50: 9 | C50: 1 | D50: «Սնանկության մասին» օրենքում կատարել համապատասխան փոփոխություններ` վերանայելով սնանկության կառավարչին ներկայացվող պահանջները և նշանակման կարգը | E50: ՀՀ արդարադատության նախարարություն | F50: 0 | G50: 0 | H50: 0 | I50: =SUM(F50:H50) -> 0
A51: 3 | B51: 9 | C51: 2 | D51: «Սնանկության մասին» օրենքում կատարել համապատասխան փոփոխություններ` սահմանելով ֆինանսական առողջացման ծրագրերի իրականացումը խթանող գործիքակազմ, մասնավորապես՝ ֆինանսական առողջացման ծրագրերի հաստատման դեպքում սնանկության կառավարիչների վարձատրության և պարգևավճարների ճկուն մեխանիզմներ, ընկերությունների ֆինանսական առողջացմանը պետության օժանդակության ապահովման գործիքներ: | E51: ՀՀ արդարադատության նախարարություն | F51: 0 | G51: 0 | H51: 0 | I51: =SUM(F51:H51) -> 0 | J51: Պետական բյուջե կամ օրենքով չարգելված այլ միջոցներ:
A52: 3 | B52: 9 | C52: 3 | D52: Մշակել ֆինանսական առողջացման ծրագրի ձևանմուշներ, կազմակերպել սնանկության կառավարիչների, դատավորների և շահագրգիռ անձանց համար համապատասխան դասընթացներ: | E52: ՀՀ արդարադատության նախարարություն Բարձրագույն դատական խորհուրդ (համաձայնությամբ) Արդարադատության ակադեմիա (համաձայնությամբ) Սնան-կության կառավարիչների ինքնակարգավորվող կազմակերպություններ (համաձայնությամբ) | F52: 15000 | G52: ='Cost details'!F60/1000 -> 16788 | I52: =SUM(F52:H52) -> 31788 | J52: Պետական բյուջե | L52: Trainings
A53: 3 | B53: 9 | C53: 4 | D53: Զարգացնել սնանկության դատարանի տեխնիկական կարողությունները, համալրել դատարանի տեխնիկական միջոցները, բարձրացնել դատարանի աշխատակազմի տեխնիկակական պատրաստվածության մակարդակը | E53: ՀՀ արդարադատության նախարարություն | F53: 0 | G53: 15000 | H53: 0 | I53: =SUM(F53:H53) -> 15000 | J53: Պետական բյուջե կամ օրենքով չարգելված այլ միջոցներ: | L53: Judiciary
A54: 3 | B54: 9 | C54: 5 | D54: Փոփոխություններ կատարել ՀՀ դատական օրենսգիրք սահմանադրական օրենքում՝ ավելացնելով սնանկության դատարանի դատավորների թիվը | E54: ՀՀ արդարադատության նախարարություն | F54: 0 | G54: 0 | H54: 0 | I54: =SUM(F54:H54) -> 0
A55: 3 | B55: 9 | C55: 6 | D55: Իրականացնել հանրային իրազեկումներ (գովազդային վահանակների, հեռուստահաղորդումների, մամուլի միջոցով) սնանկության գործընթացների վերաբերյալ | E55: ՀՀ արդարադատության նախարարություն | F55: 0 | G55: 0 | H55: 0 | I55: =SUM(F55:H55) -> 0
A56: 3 | B56: 9 | C56: 7 | D56: Մշակել «Սնանկության մասին» մասին օրենսգրքի նախագիծ | E56: ՀՀ արդարադատության նախարարություն | F56: 0 | G56: 0 | H56: 0 | I56: =SUM(F56:H56) -> 0
D57: Ընդամենը Նպատակ 9 | F57: =F56+F55+F54+F53+F52+F51+F50 -> 15000 | G57: =G56+G55+G54+G53+G52+G51+G50 -> 31788 | H57: =H56+H55+H54+H53+H52+H51+H50 -> 0 | I57: =SUM(F57:H57) -> 46788
A58: 3 | D58: Նպատակ 10. Վեճերի լուծման այլընտրանքային եղանակների զարգացում
A59: 3 | B59: 10 | C59: 1 | D59: Նախաձեռնել և (կամ) աջակցել արբիտրաժի ինստիտուցիոնալ կառույցի ստեղծմանը: | E59: ՀՀ արդարադատության նախարարություն | F59: 15000 | G59: 0 | I59: =SUM(F59:H59) -> 15000 | J59: կամ օրենքով չարգելված այլ միջոցներ: | L59: MOJ
A60: 3 | B60: 10 | C60: 2 | D60: 1) իրականացնել հանրային իրազեկումներ (գովազդային վահանակների, հեռուստատեսային գովազդների, հեռուստահաղորդումների, մամուլի միջոցով) վեճերի լուծման այլընտրանքային եղանակների վերաբերյալ, | E60: ՀՀ արդարադատության նախարարություն ՀՀ կրթության,գիտության, մշակույթի և սպորտի նախարարություն | G60: 23750 | H60: =50000*475/1000 -> 23750 | I60: =SUM(F60:H60) -> 47500 | J60: կամ օրենքով չարգելված այլ միջոցներ: | L60: MOJ
A61: 3 | D61: 2) մշակել և ներդնել համապատասխան կրթական ծրագրեր կամ արդիականացնել առկա կրթական ծրագրերը
D62: Ընդամենը Նպատակ 10 | F62: =F60+F61+F59 -> 15000 | G62: =G60+G61+G59 -> 23750 | H62: =H60+H61+H59 -> 23750 | I62: =I60+I61+I59 -> 62500
A63: 3 | D63: Նպատակ 11. Նոտարական համակարգի արդյունավետության բարձրացում
A64: 3 | B64: 11 | C64: 1 | D64: Նոտարիատի մասին օրենքում և այլ օրենսդրական ակտերում կատարել փոփոխություններ՝ բարձրացնելով կատարողական մակագրության թերթի ինստիտուտի արդյունավետությունը: | E64: ՀՀ արդարադատության նախարարություն, ՀՀ Նոտարական պալատ (համաձայնությամբ): | F64: 0 | G64: 0 | H64: 0 | I64: =SUM(F64:H64) -> 0 | J64: կամ օրենքով չարգելված այլ միջոցներ:
A65: 3 | B65: 11 | C65: 2 | D65: Նոտարիատի մասին օրենքում կատարել փոփոխություններ՝ բարելավելով նոտարին կարգապահական պատասխանատվության ենթարկելու ընթացակարգը: | E65: ՀՀ արդարադատության նախարարություն, ՀՀ Նոտարական պալատ (համաձայնությամբ): | F65: 0 | G65: 0 | H65: 0 | I65: =SUM(F65:H65) -> 0 | J65: կամ օրենքով չարգելված այլ միջոցներ:
A66: 3 | B66: 11 | C66: 3 | D66: Նոտարիատի մասին օրենքում կատարել փոփոխություններ՝ ապահովելով ինչպես նոտարների, այնպես էլ կողմերի շահերի արդյունավետ պաշտպանությունը, նվազեցնել դատական վեճերի հավանականությունը և ապահովել դատական վեճերի դեպքում հավելյալ ապացույցների օգտագործման հնարավորությունը: | E66: ՀՀ արդարադատության նախարարություն, ՀՀ Նոտարական պալատ (համաձայնությամբ): | F66: 0 | G66: 0 | H66: 0 | I66: =SUM(F66:H66) -> 0 | J66: կամ օրենքով չարգելված այլ միջոցներ:
D67: Ընդամենը Նպատակ 11 | F67: =F66+F65+F64 -> 0 | G67: =G66+G65+G64 -> 0 | H67: =H66+H65+H64 -> 0 | I67: =SUM(F67:H67) -> 0
A68: 3 | D68: Նպատակ 12. Հարկադիր կատարման համակարգի բարեփոխումներ
A69: 3 | B69: 12 | C69: 1 | D69: Մշակել «Կատարողական վարույթի մասին» օրենքի նախագիծ: | E69: ՀՀ արդարադատության նախարարություն | F69: 0 | G69: 0 | H69: 0 | I69: =SUM(F69:H69) -> 0 | J69: Պետական բյուջե կամ օրենքով չարգելված այլ միջոցներ:
A70: 3 | B70: 12 | C70: 2 | D70: Հարկադիր կատարումն ապահովող ծառայության տեխնիկական հագեցվածության բարելավում: | E70: ՀՀ արդարադատության նախարարություն | F70: 15000 | G70: 0 | H70: 0 | I70: =SUM(F70:H70) -> 15000 | J70: Պետական բյուջե | L70: Bailiffs
D71: Ընդամենը Նպատակ 12 | F71: =F70+F69 -> 15000 | G71: =G70+G69 -> 0 | H71: =H70+H69 -> 0 | I71: =SUM(F71:H71) -> 15000
D72: Նպատակ 13. Փաստաբանական համակարգի արդյունավետության բարձրացում
A73: 3 | B73: 13 | C73: 1 | D73: 2019-2020թթ. Գործողությունների ծրագրի Նպատակ 14-ի գործողությունների արդյունքում հանրային պաշտպանի գրասենյակի ծառայությունների ծավալի ընդլայնում | E73: ՀՀ արդարադատության նախարարություն | F73: ='Cost details'!L207*1000 -> 436767.98 | G73: ='Cost details'!M207*1000 -> 472860.68 | H73: ='Cost details'!N207*1000 -> 511288.89 | I73: =SUM(F73:H73) -> 1420917.6 | L73: Legal Aid
D74: Ընդամենը Նպատակ 13 | F74: =F73 -> 436767.98 | G74: =G73 -> 472860.68 | H74: =H73 -> 511288.89 | I74: =SUM(F74:H74) -> 1420917.6
D75: Նպատակ 14. 2019-2023թթ․ դատաիրավական բնագավառի բարեփոխումների ռազմավարության նպատակների և ընթացքի լուսաբանում
A76: 3 | B76: 13 | C76: 1 | D76: 2019-2023թթ. Դատաիրավական ոլորտի բարեփոխումների նպատակների, գործողություններիմ դրանց ընթացքի և արդյուների լուսաբանում և հանրային իրազեկում | E76: ՀՀ արդարադատության նախարարություն | F76: =1000*475/3 -> 158333.33 | G76: =F76 -> 158333.33 | H76: =G76 -> 158333.33 | I76: =SUM(F76:H76) -> 475000 | L76: MOJ
D77: Ընդամենը Նպատակ 14 | F77: =F76 -> 158333.33 | G77: =G76 -> 158333.33 | H77: =H76 -> 158333.33 | I77: =SUM(F77:H77) -> 475000
D80: Ծախսերի ամփոփ գնահատական, հազար դրամ
F81: 2021 թվական | G81: 2022 թվական | H81: 2023 թվական | I81: Ընդամենը՝ յուրաքանչյուր նպատակի գծով
D82: =D11 -> Ընդամենը Նպատակ 1 | F82: =F11 -> 179431.2 | G82: =G11 -> 0 | H82: =H11 -> 0 | I82: =SUM(F82:H82) -> 179431.2
D83: =D15 -> Ընդամենը Նպատակ 2 | F83: =F15 -> 0 | G83: =G15 -> 0 | H83: =H15 -> 2800000 | I83: =SUM(F83:H83) -> 2800000
D84: =D19 -> Ընդամենը Նպատակ 3 | F84: =F19 -> 0 | G84: =G19 -> 0 | H84: =H19 -> 0 | I84: =SUM(F84:H84) -> 0
D85: =D22 -> Ընդամենը Նպատակ 4 | F85: =F22 -> 0 | G85: =G22 -> 0 | H85: =H22 -> 0 | I85: =SUM(F85:H85) -> 0
D86: =D35 -> Ընդամենը Նպատակ 5 | F86: =F35 -> 4374572.4 | G86: =G35 -> 3622614 | H86: =H35 -> 706664.43 | I86: =SUM(F86:H86) -> 8703850.8
D87: =D40 -> Ընդամենը Նպատակ 6 | F87: =F40 -> 32312.184 | G87: =G40 -> 75000 | H87: =H40 -> 75000 | I87: =SUM(F87:H87) -> 182312.18
D88: =D45 -> Ընդամենը Նպատակ 7 | F88: =F45 -> 0 | G88: =G45 -> 0 | H88: =H45 -> 0 | I88: =SUM(F88:H88) -> 0
D89: =D48 -> Ընդամենը Նպատակ 8 | F89: =F48 -> 0 | G89: =G48 -> 0 | H89: =H48 -> 0 | I89: =SUM(F89:H89) -> 0
D90: =D57 -> Ընդամենը Նպատակ 9 | F90: =F57 -> 15000 | G90: =G57 -> 31788 | H90: =H57 -> 0 | I90: =SUM(F90:H90) -> 46788
D91: =D62 -> Ընդամենը Նպատակ 10 | F91: =F62 -> 15000 | G91: =G62 -> 23750 | H91: =H62 -> 23750 | I91: =SUM(F91:H91) -> 62500
D92: =D67 -> Ընդամենը Նպատակ 11 | F92: =F67 -> 0 | G92: =G67 -> 0 | H92: =H67 -> 0 | I92: =SUM(F92:H92) -> 0
D93: =D71 -> Ընդամենը Նպատակ 12 | F93: =F71 -> 15000 | G93: =G71 -> 0 | H93: =H71 -> 0 | I93: =SUM(F93:H93) -> 15000
D94: =D74 -> Ընդամենը Նպատակ 13 | F94: =F74 -> 436767.98 | G94: =G74 -> 472860.68 | H94: =H74 -> 511288.89 | I94: =SUM(F94:H94) -> 1420917.6
D95: =D77 -> Ընդամենը Նպատակ 14 | F95: =F77 -> 158333.33 | G95: =G77 -> 158333.33 | H95: =H77 -> 158333.33 | I95: =I77 -> 475000
D96: ԸՆԴԱՄԵՆԸ (2021-2023) | F96: =SUM(F82:F95) -> 5226417.1 | G96: =SUM(G82:G95) -> 4384346 | H96: =SUM(H82:H95) -> 4275036.7 | I96: =SUM(I82:I95) -> 13885800
D98: =D80 -> Ծախսերի ամփոփ գնահատական, հազար դրամ
E99: =E81 -> 0 | F99: =2021 -> 2021 | G99: 2022 | H99: 2023 | I99: Total for each Objective
D100: Total for Objective 1 | E100: =E82 -> 0 | F100: =F82 -> 179431.2 | G100: =G82 -> 0 | H100: =H82 -> 0 | I100: =I82 -> 179431.2
D101: Total for Objective 2 | E101: =E83 -> 0 | F101: =F83 -> 0 | G101: =G83 -> 0 | H101: =H83 -> 2800000 | I101: =I83 -> 2800000
D102: Total for Objective 3 | E102: =E84 -> 0 | F102: =F84 -> 0 | G102: =G84 -> 0 | H102: =H84 -> 0 | I102: =I84 -> 0
D103: Total for Objective 4 | E103: =E85 -> 0 | F103: =F85 -> 0 | G103: =G85 -> 0 | H103: =H85 -> 0 | I103: =I85 -> 0
D104: Total for Objective 5 | E104: =E86 -> 0 | F104: =F86 -> 4374572.4 | G104: =G86 -> 3622614 | H104: =H86 -> 706664.43 | I104: =I86 -> 8703850.8
D105: Total for Objective 6 | E105: =E87 -> 0 | F105: =F87 -> 32312.184 | G105: =G87 -> 75000 | H105: =H87 -> 75000 | I105: =I87 -> 182312.18
D106: Total for Objective 7 | E106: =E88 -> 0 | F106: =F88 -> 0 | G106: =G88 -> 0 | H106: =H88 -> 0 | I106: =I88 -> 0
...

Sheet E-justice
D1: e4 | E1: Պատասխանատումարմին | F1: Ծախսերի գնահատական, հազար դրամ
F2: 2019թ. 2-րդ կիսամյակ | G2: 2020 | H2: 2021 | I2: 2022 | J2: 2023
A3: 4 | B3: 1 | C3: 1 | D3: 1.Իրականացնել արդարադատության ոլորտի մարմիններում գործող տվյալների շտեմարանների և էլեկտրոնային համակարգերի ուսումնասիրություն: Իրականացված է ԵՄ տեխնիկական աջակցության միջոցով: | E3: ՀՀ արդարադատության նախարարություն | F3: 0 | G3: 0 | H3: 0 | I3: 0 | J3: 0
B4: 1 | C4: 2 | D4: 2.Մշակել էլեկտրոնային արդարադատության համակարգի ընդհանուր տեխնիկական նկարագիրը: Իրականացված է ԵՄ տեխնիկական աջակցության միջոցով: | E4: ՀՀ արդարադատության նախարարություն, ՀՀ բարձր տեխնոլոգիական արդյունաբերության նախարարություն(համակատարող) | F4: 0 | G4: 0 | H4: 0 | I4: 0 | J4: 0
B5: 1 | C5: 3 | D5: 3.ՀՀ վարչական և ՀՀ քաղաքացիականդատավարությանօրենսգրքերում կատարել փոփոխություններ՝ վերանայելով էլեկտրոնային եղանակով ծանուցումները: | E5: ՀՀ արդարադատության նախարարություն, ՀՀբարձրագույն դատական խորհուրդ (համաձայնությամբ): | F5: 0 | G5: 0 | H5: 0 | I5: 0 | J5: 0
B6: 1 | C6: 4 | D6: 4.Դատարաններում ներդնել և գործարկել էլեկտրոնային կառավարման միասնական համակարգ (Տե՛ս 11-րդ կետի ծախսերի գնահատականը) | E6: ՀՀ արդարադատության նախարարություն, արդարադատության ոլորտի շահագրգիռ մարմիններ
B7: 1 | C7: 5 | D7: 5.ՀՀ վարչական և ՀՀ քաղաքացիականդատավարությանօրենսգրքերում կատարել փոփոխություններ՝ ներդնելով էլեկտրոնային եղանակով փաստաթղթերի ներկայացման ընթացակարգեր: (Տե՛ս 11-րդ կետի ծախսերի գնահատականը) | E7: ՀՀ արդարադատության նախարարություն, ՀՀ բարձրագույն դատական խորհուրդ (համաձայնությամբ):
B8: 1 | C8: 6 | D8: 6.Դատարաններում ներդնել էլեկտրոնային փաստաթղթաշրջանառության համակարգ: (Տե՛ս 11-րդ կետի ծախսերի գնահատականը) | E8: ՀՀ Արդարադատության նախարարություն , ՀՀ Բարձրագույն դատական խորհուրդ (համաձայնությամբ)
B9: 1 | C9: 7 | D9: 7.Ներդնել դատական իշխանությանն առնչվող գերատեսչություների հետ տեղեկատվության տրամադրման և ստացման համակարգ (Interconnectivity and Ciber-Security) | E9: ՀՀ Արդարադատության նախարարություն , ՀՀ Բարձրագույն դատական խորհուրդ (համաձայնությամբ) | H9: =331000*500/2/1000 -> 82750 | I9: =331000*500/2/1000 -> 82750
B10: 1 | C10: 8 | D10: 8.Ներդնել և գործարկել սնանկության էլեկտրոնային հարթակը (e-bankruptcy): (Տե՛ս 11-րդ կետի ծախսերի գնահատականը) | E10: ՀՀ Արդարադատության նախարարություն
B11: 1 | C11: 9 | D11: 9.Ներդնել և գործարկել էլեկտրոնային արդարադատության միասնական համակարգի քաղաքացիական և վարչական գործերով էլեկտրոնային մոդուլը: (Տե՛ս 11-րդ կետի ծախսերի գնահատականը) | E11: ՀՀ Արդարադատության նախարարություն , ՀՀ Բարձրագույն դատական խորհուրդ (համաձայնությամբ)
B12: 1 | C12: 10 | D12: 10. Ներդնել և գործարկել էլեկտրոնային արդարադատության միասնական համակարգի քրեական գործերով էլեկտրոնային մոդուլը: (Տե՛ս 11-րդ կետի ծախսերի գնահատականը) | E12: ՀՀ Արդարադատության նախարարություն , ՀՀ Բարձրագույն դատական խորհուրդ (համաձայնությամբ),ՀԿԱԾ (համաձայնությամբ), Պրոբացիայի ծառայություն (համաձայնությամբ), քրեակատարողական ծառայություն (համաձայնությամբ), ՀՀ գլխավոր դատախազություն (համաձայնությամբ), Ոստիկանություն (համաձայնությամբ), Հատուկ քննչական ծառայություն (համաձայնությամբ), ԱԱԾ (համաձայնությամբ), Քննչական կոմիտե (համաձայնությամբ), ՊԵԿ (համաձայնությամբ)
D13: 11. Էլեկտրոնային արդարադատության (e-judiciary) ծրագրի մշակում և ներդրում (4-րդ, 5-րդ, 6-րդ, 8-րդ, 9-րդ և 10-րդ կետեր), ՀՀ գլխավոր դատախազության համակարգչային ծրագրի մշակում և Արդարադատության նախարարության (ներառյալ առանձնացված ստորաբաժանումները) համակարգչային ծրագրի մշակում | G13: =('Cost details'!$E218-'Cost details'!$E214)*500/2000 -> 1427650 | H13: =('Cost details'!$E218-'Cost details'!$E214)*500/2000 -> 1427650
A14: 4 | B14: 1 | C14: 12 | D14: Տվյալների կենտրոնի ստեղծում | H14: ='Cost details'!D232*500/1000 -> 1410137.9 | I14: ='Cost details'!D237*500/1000 -> 886986.34
A15: 4 | B15: 1 | C15: 13 | D15: Համակարգիչներ | G15: ='Cost details'!E227/2000 -> 131500 | H15: =G15 -> 131500
D16: Ընդամենը Նպատակ 1 | F16: =SUM(F3:F14) -> 0 | G16: =SUM(G3:G15) -> 1559150 | H16: =SUM(H3:H15) -> 3052037.9 | I16: =SUM(I3:I15) -> 969736.34 | J16: =SUM(J3:J14) -> 0
D17: Նպատակ 2. Հանրային կառավարման արդարադատության բնագավառի էլեկտրոնային համակարգերի և տվյալների էլեկտրոնային բազաների մատչելիության ապահովում և արդիականացում
A18: 4 | B18: 2 | C18: 1 | D18: 1.Էլեկտրոնային նոտարական e-notary համակարգի զարգացում | E18: ՀՀ արդարադաատության նախարարություն | F18: 0 | G18: 7500 | H18: 7500 | I18: 0 | J18: 0
A19: 4 | B19: 2 | C19: 2 | D19: 2.Նոտարի կողմից Էլեկտրոնային եղանակով վավերացման ենթակա էլեկտրոնային պայմանագրերի և փաստաթղթերի փոխանակման համար անհրաժեշտ էլեկտրոնային համակարգի ներդրում | E19: ՀՀ արդարադաատության նախարարություն ՀՀ Կենտրոնական բանկ (համակատարող) | F19: 0 | G19: 6000 | H19: 6000 | I19: 0 | J19: 0
A20: 4 | B20: 2 | C20: 3 | D20: 3.ՀՀ հրապարակային ծանուցումների պաշտոնական ինտերնետային կայքի արդիականացում | F20: 0 | G20: =200000*475/2000 -> 47500 | H20: =200000*475/2000 -> 47500 | I20: 0 | J20: 0
A21: 4 | B21: 2 | C21: 4 | D21: 4.Իրավաբանական անձանց էլեկտրոնային գրանցման e-register համակարգի արդիականացում | F21: 0 | G21: =300000*475/2000 -> 71250 | H21: =300000*475/2000 -> 71250 | I21: 0 | J21: 0
A22: 4 | B22: 2 | C22: 5 | D22: 5.Իրավաբանական անձանց պետական ռեգիստրի արխիվային նյութերի թվայնացում, թվային արխիվների ստեղծում | F22: 0 | G22: =250000*475/2000 -> 59375 | H22: =250000*475/2000 -> 59375 | I22: 0 | J22: 0
D23: Ընդամենը Նպատակ 2 | F23: =SUM(F18:F22) -> 0 | G23: =SUM(G18:G22) -> 191625 | H23: =SUM(H18:H22) -> 191625 | I23: =SUM(I18:I22) -> 0 | J23: =SUM(J18:J22) -> 0
D27: Ծախսերի ամփոփ գնահատական, հազար դրամ
F28: 2019թ. 2-րդ կիսամյակ | G28: 2020 թվական | H28: 2021 թվական | I28: 2022 թվական | J28: 2023 թվական | K28: Ընդամենը՝ յուրաքանչյուր նպատակի գծով
D29: =D16 -> Ընդամենը Նպատակ 1 | F29: =F16 -> 0 | G29: =G16 -> 1559150 | H29: =H16 -> 3052037.9 | I29: =I16 -> 969736.34 | J29: =J16 -> 0 | K29: =SUM(F29:J29) -> 5580924.3
D30: =D23 -> Ընդամենը Նպատակ 2 | F30: =F23 -> 0 | G30: =G23 -> 191625 | H30: =H23 -> 191625 | I30: =I23 -> 0 | J30: =J23 -> 0 | K30: =SUM(F30:J30) -> 383250
D31: ԸՆԴԱՄԵՆԸ Էլեկտրոնային արդարադատություն | F31: =F30+F29 -> 0 | G31: =G30+G29 -> 1750775 | H31: =H30+H29 -> 3243662.9 | I31: =I30+I29 -> 969736.34 | J31: =J30+J29 -> 0 | K31: =K30+K29 -> 5964174.3
D34: Cost Estimates for E-Justice AP, AMD thousand
E35: =E28 -> 0 | F35: 2nd half of 2019 | G35: 2020 | H35: =2021 -> 2021 | I35: 2022 | J35: 2023 | K35: Total for each Objective
D36: Total for Objective 1 | E36: =E29 -> 0 | F36: =F29 -> 0 | G36: =G29 -> 1559150 | H36: =H29 -> 3052037.9 | I36: =I29 -> 969736.34 | J36: =J29 -> 0 | K36: =K29 -> 5580924.3
D37: Total for Objective 2 | E37: =E30 -> 0 | F37: =F30 -> 0 | G37: =G30 -> 191625 | H37: =H30 -> 191625 | I37: =I30 -> 0 | J37: =J30 -> 0 | K37: =K30 -> 383250
D38: TOTAL FOR E-JUSTICE | E38: =E31 -> 0 | F38: =F31 -> 0 | G38: =G31 -> 1750775 | H38: =H31 -> 3243662.9 | I38: =I31 -> 969736.34 | J38: =J31 -> 0 | K38: =K31 -> 5964174.3
F41: 2nd half of 2019 | G41: 2020 | H41: =2021 -> 2021 | I41: 2022 | J41: 2023 | K41: Total for each Modul/component
D42: Interconnectivity and cybersecurity | H42: ='E-justice'!H9 -> 82750 | I42: ='E-justice'!I9 -> 82750 | K42: =SUM(F42:J42) -> 165500
D43: Data Centre | H43: ='E-justice'!H14 -> 1410137.9 | I43: ='E-justice'!I14 -> 886986.34 | K43: =SUM(F43:J43) -> 2297124.3
D44: e-Judicary* | G44: 75000 | H44: =75000+'Cost details'!E222/2000 -> 140750 | I44: ='Cost details'!E222/2000 -> 65750 | K44: =SUM(F44:J44) -> 281500
D45: Prosecution | G45: 62500 | H45: =G45+'Cost details'!E226/2000 -> 88800 | I45: ='Cost details'!E226/2000 -> 26300 | K45: =SUM(F45:J45) -> 177600
D46: MoJ and subordinate inst (prisons and probation) | G46: =75000+G23 -> 266625 | H46: =75000+'Cost details'!E223/2000+H23 -> 306075 | I46: ='Cost details'!E223/2000+I23 -> 39450 | K46: =SUM(F46:J46) -> 612150
D47: TOTAL FOR IT | F47: =SUM(F42:F46) -> 0 | G47: =SUM(G42:G46) -> 404125 | H47: =SUM(H42:H46) -> 2028512.9 | I47: =SUM(I42:I46) -> 1101236.3 | J47: =SUM(J42:J46) -> 0 | K47: =SUM(K42:K46) -> 3533874.3

Sheet Costing summary
A1: Ծախսերի ամփոփ գնահատական, հազար դրամ
B2: 2019թ. 2-րդ կիսամյակ | C2: 2020 թվական | D2: 2021 թվական | E2: 2022 թվական | F2: 2023 թվական | G2: Ընդամենը՝ գործողությունների յուրաքանչյուր ծրագրի գծով
A3: ='ST Action Plan'!D133 -> ԸՆԴԱՄԵՆԸ (2019-2020) | B3: ='ST Action Plan'!F133 -> 61758 | C3: ='ST Action Plan'!G133 -> 370311.57 | G3: =SUM(B3:F3) -> 432069.57
A4: ='LT Action Plan'!D96 -> ԸՆԴԱՄԵՆԸ (2021-2023) | D4: ='LT Action Plan'!F96 -> 5226417.1 | E4: ='LT Action Plan'!G96 -> 4384346 | F4: ='LT Action Plan'!H96 -> 4275036.7 | G4: =SUM(B4:F4) -> 13885800
A5: ='E-justice'!D31 -> ԸՆԴԱՄԵՆԸ Էլեկտրոնային արդարադատություն | B5: ='E-justice'!F31 -> 0 | C5: ='E-justice'!G31 -> 1750775 | D5: ='E-justice'!H31 -> 3243662.9 | E5: ='E-justice'!I31 -> 969736.34 | F5: ='E-justice'!J31 -> 0 | G5: =SUM(B5:F5) -> 5964174.3
A6: ԸՆԴԱՄԵՆԸ Ռազմավարության գծով | B6: =SUM(B3:B5) -> 61758 | C6: =SUM(C3:C5) -> 2121086.6 | D6: =SUM(D3:D5) -> 8470080 | E6: =SUM(E3:E5) -> 5354082.3 | F6: =SUM(F3:F5) -> 4275036.7 | G6: =SUM(B6:F6) -> 20282044
A8: =A1 -> Ծախսերի ամփոփ գնահատական, հազար դրամ
B9: 2nd half of 2019 | C9: 2020 | D9: =2021 -> 2021 | E9: 2022 | F9: 2023 | G9: Total for each Objective
A10: TOTAL for 2019-2020 | B10: =B3 -> 61758 | C10: =C3 -> 370311.57 | D10: =D3 -> 0 | E10: =E3 -> 0 | F10: =F3 -> 0 | G10: =G3 -> 432069.57
A11: TOTAL for 2021-2023 | B11: =B4 -> 0 | C11: =C4 -> 0 | D11: =D4 -> 5226417.1 | E11: =E4 -> 4384346 | F11: =F4 -> 4275036.7 | G11: =G4 -> 13885800
A12: TOTAL for E-Justice | B12: =B5 -> 0 | C12: =C5 -> 1750775 | D12: =D5 -> 3243662.9 | E12: =E5 -> 969736.34 | F12: =F5 -> 0 | G12: =G5 -> 5964174.3
A13: TOTAL FOR STRATEGY | B13: =B6 -> 61758 | C13: =C6 -> 2121086.6 | D13: =D6 -> 8470080 | E13: =E6 -> 5354082.3 | F13: =F6 -> 4275036.7 | G13: =G6 -> 20282044
A19: Calculation of financial gap for justice reform
A20: EUR 1= AMD 526 | B20: 2nd quarter 2019 | C20: 2020 | D20: 2021 | E20: 2022 | F20: 2023 | G20: Total | I20: 526
A21: ST Action Plan | B21: ='ST Action Plan'!F152 -> 61758 | C21: ='ST Action Plan'!G152 -> 370311.57 | G21: =SUM(B21:F21) -> 432069.57
A22: LT Action Plan | D22: ='LT Action Plan'!F124 -> 5226417.1 | E22: ='LT Action Plan'!G124 -> 4384346 | F22: ='LT Action Plan'!H124 -> 4275036.7 | G22: =SUM(B22:F22) -> 13885800
A23: E-justice | B23: ='E-justice'!F31 -> 0 | C23: ='E-justice'!G31 -> 1750775 | D23: ='E-justice'!H31 -> 3243662.9 | E23: ='E-justice'!I31 -> 969736.34 | F23: ='E-justice'!J31 -> 0 | G23: =SUM(B23:F23) -> 5964174.3
A24: Grand total reform costs in 1000 dram | B24: =SUM(B21:B23) -> 61758 | C24: =SUM(C21:C23) -> 2121086.6 | D24: =SUM(D21:D23) -> 8470080 | E24: =SUM(E21:E23) -> 5354082.3 | F24: =SUM(F21:F23) -> 4275036.7 | G24: =SUM(B24:F24) -> 20282044
A25: GOA financing | D25: ='Cost details'!D169*1000 -> 3302760.5 | E25: ='Cost details'!E169*1000 -> 2044128
A26: Financial Gap after the GOA fiancing | B26: =B24-B25 -> 61758 | C26: =C24-C25 -> 2121086.6 | D26: =D24-D25 -> 5167319.5 | E26: =E24-E25 -> 3309954.3 | F26: =F24-F25 -> 4275036.7 | G26: =G24-G25 -> 20282044
A27: Financial Gap in 1000 Euros | B27: =B26/$I$20 -> 117.41065 | C27: =C26/$I$20 -> 4032.484 | D27: =D26/$I$20 -> 9823.8014 | E27: =E26/$I$20 -> 6292.6888 | F27: =F26/$I$20 -> 8127.4461 | G27: =G26/$I$20 -> 38559.018
A28: Hereof estmated EU budget suport, 1000 EUR | D28: 5000 | E28: 5500 | F28: 5500 | G28: =SUM(B28:F28) -> 16000
A29: Hereof support by EU to tendering of e-justice software solutions, 1000 EUR | C29: 1200
A31: Financial gap to be covered by other donors or the MOF, 1000 EUR | B31: =B27-B28-B29-B30 -> 117.41065 | C31: =C27-C28-C29-C30 -> 2832.484 | D31: =D27-D28-D29-D30 -> 4823.8014 | E31: =E27-E28-E29-E30 -> 792.68885 | F31: =F27-F28-F29-F30 -> 2627.4461 | G31: =G27-G28-G29-G30 -> 22559.018
A33: Note: there are substantil other DP support, but it all concerns technical assistance

Sheet Cost details
A1: Fact-finding commission
A2: Number of members | B2: 20
A3: Salary coefficient | B3: 7.5
A4: Base Salary, AMD | B4: 66140
A5: Number of man.months per member | B5: 0.5
A6: Total Annual Salary for the Members, AMD | B6: =B4*B3*B2*12*B5 -> 59526000
A7: Number of staff/secretariat | B7: 30
A8: Average monthly salaries, AMD | B8: 300000
A9: Total Annual Salaries for the Secretariat, AMD | B9: =B8*B7*12 -> 108000000
A10: Other expenses/office supply etc. @ 20% of salaries | B10: =B6*0.2 -> 11905200
A11: TOTAL for Fact-finding commission | B11: =B10+B6+B9 -> 179431200
A14: SJC+CPC training | B14: 2.4.7
A15: Number of participants | B15: =9+5 -> 14
A16: Number of hours | B16: 40
A17: Training cost per participant as judges | B17: =E78 -> 131046
A18: Total cost of training | B18: =B17*B16/C$78*B15 -> 917322
B20: 2.5.3
A21: Number of participants | B21: =244/2 -> 122
A22: Number of hours | B22: 20
A23: Training cost per participant as judges | B23: =B17 -> 131046
A24: Total cost of training | B24: =B23*B22/C$78*B21 -> 3996903
B26: 2.9.2
A27: Number of participants | B27: =B80+B81 -> 682
A28: Number of hours | B28: 40
A29: Training cost per participant as investigators | B29: =E80 -> 23416
A30: Total cost of training | B30: =B29*B28/C$80*B27 -> 21292949
B33: 3.6.2
A34: Number of participants | B34: 8
A35: Number of hours | B35: 40
A36: Training cost per participant as judges | B36: =B23 -> 131046
A37: Total cost of training | B37: =B36*B35/C$78*B34 -> 524184
A52: Development of training materials
A53: AMD | B53: unit | C53: number of units | D53: Number of positions | E53: Unit price/cost | F53: Total
A54: Coordinator | B54: month | C54: 5 | D54: 1 | E54: 700000 | F54: =+E54*D54*C54 -> 3500000
A55: Expert | B55: month | C55: 5 | D55: 2 | E55: 425000 | F55: =+E55*D55*C55 -> 4250000
A56: Editor | B56: month | C56: 4 | D56: 1 | E56: 560000 | F56: =+E56*D56*C56 -> 2240000
A57: Printing | B57: copies | C57: 200 | E57: 20000 | F57: =+E57*C57 -> 4000000
A58: Total w/o VAT | F58: =SUM(F54:F57) -> 13990000
A59: VAT @ 20% | F59: =F58*0.2 -> 2798000
A60: TOTAL including VAT | F60: =F59+F58 -> 16788000
A63: On-line/Distant trainings
A64: Eductaion technology expert | C64: 4 | D64: 1 | E64: 454500 | F64: =+E64*D64*C64 -> 1818000
A65: Contentual Designer | C65: 4 | D65: 1 | E65: 725000 | F65: =+E65*D65*C65 -> 2900000
A66: Designer | C66: 4 | D66: 1 | E66: 487500 | F66: =+E66*D66*C66 -> 1950000
A67: Audio-Video specialist | C67: 4 | D67: 1 | E67: 487500 | F67: =+E67*D67*C67 -> 1950000
A68: E-learning website expert | C68: 4 | D68: 1 | E68: 500000 | F68: =+E68*D68*C68 -> 2000000
A69: Total w/o VAT | F69: =SUM(F64:F68) -> 10618000
A70: VAT @ 20% | F70: =F69*0.2 -> 2123600
A71: TOTAL including VAT | F71: =F70+F69 -> 12741600
A73: Total for Distant training | F73: =F71+F60 -> 29529600
A76: Trainings at the Academy
B77: Number | C77: Hours per year | E77: Cost per participant
A78: Judges | B78: 229 | C78: 80 | E78: 131046
A79: Prosecutors | B79: 327 | C79: 80 | E79: 158109
A80: Investigation comittee staff | B80: 650 | C80: 30 | E80: 23416
A81: Investigators from the Special Investigation Service | B81: 32 | C81: 30 | E81: 62590
A82: Judicial bailiffs | C82: 30 | E82: 107777
A83: Court staff | C83: 30 | E83: 57828
A86: 3-day seminar/training in Tsaxkadzor | C86: Number of units
A87: Fixed | E87: =E88+E89 -> 220000
A88: Transportation | B88: way | C88: 2 | D88: 65000 | E88: =D88*C88 -> 130000
A89: Trainings | B89: hours | C89: 18 | D89: 5000 | E89: =D89*C89 -> 90000
A90: Variable | E90: =SUM(E91:E93) -> 69500
A91: hotel room | B91: nights | C91: 2 | D91: 25000 | E91: =D91*C91 -> 50000
A92: meals | B92: days | C92: 3 | D92: 5000 | E92: =D92*C92 -> 15000
A93: Coffe breaks | B93: per day | C93: 3 | D93: 1500 | E93: =D93*C93 -> 4500
A95: Number of participants | E95: 20
A96: Total variable Cost | E96: =+E95*E90 -> 1390000
A97: Total Fixed +Variable cost | E97: =E96+E87 -> 1610000
A98: VAT @20% | E98: =E97*0.2 -> 322000
A99: TOTAL COST | E99: =E98+E97 -> 1932000
A102: Investments
A104: Number of Units needing investments | B104: =SUM(B105:B108) -> 49
A105: Reconstruction of courthouses | B105: 7
A106: Renovation of courthouses | B106: 38
A107: Construction of courthouses | B107: 4
B110: 2019 | C110: 2020 | D110: 2021 | E110: 2022 | F110: 2023 | G110: Total
A111: AMD mln | G111: Total
A112: Total Investments for Courthouses, of which: | B112: =SUM(B113:B117) -> 0 | C112: =SUM(C113:C117) -> 0 | D112: =SUM(D113:D117) -> 4712.8984 | E112: =SUM(E113:E117) -> 2931.1143 | F112: =SUM(F113:F117) -> 0 | G112: =SUM(G113:G117) -> 7644.0128
A113: Reconstruction of courthouses | D113: =2860.6+114.424 -> 2975.024 | G113: =SUM(B113:F113) -> 2975.024
A114: Renovation of courthouses | D114: =186.55+7.462 -> 194.012 | G114: =SUM(B114:F114) -> 194.012
A115: Construction of courthouses | E115: =1960.7+83.428 -> 2044.128 | G115: =SUM(B115:F115) -> 2044.128
A116: Data Centre (construction+hardware) | D116: =D232*500/1000000 -> 1410.1379 | E116: =D237*500/1000000 -> 886.98635 | G116: =SUM(B116:F116) -> 2297.1243
A117: Other (contingencies) | D117: 133.7245 | G117: =SUM(B117:F117) -> 133.7245
A121: Total Identified funding, AMD mln
A122: GOA Budget | D122: =D169 -> 3302.7605 | E122: =E169 -> 2044.128 | H122: =SUM(B122:G122) -> 5346.8885
A123: Donor assistance/IFIs
A125: Recurrent Expenditures
B126: 2019 | C126: 2020 | D126: 2021 | E126: 2022 | F126: 2023 | G126: Total | H126: 2024
A127: Number of Judges before reforms | B127: 244
A128: Increase in number of Judges | D128: 25 | E128: 45 | F128: 50
A129: Increase in number of Judges, % from previous year | C129: =C128/B130 -> 0 | D129: =D128/C130 -> 0.10245902 | E129: =E128/D130 -> 0.16728625 | F129: =F128/E130 -> 0.15923567 | H129: =H128/F130 -> 0
A130: Total number of Judges | B130: =B127+B128 -> 244 | C130: =B130+C128 -> 244 | D130: =C130+D128 -> 269 | E130: =D130+E128 -> 314 | F130: =E130+F128 -> 364 | H130: =F130+H128 -> 364
A131: Increase in number of judges compared to 2019, % | D131: =D130/$C$130-1 -> 0.10245902 | E131: =E130/$C$130-1 -> 0.28688525 | F131: =F130/$C$130-1 -> 0.49180328 | H131: =H130/$C$130-1 -> 0.49180328
A133: Increase in salaries of judges, % from 2019 | D133: 0.3 | E133: 0.3
A134: Total Salaries for judges before reforms | B134: 2773.6579 | C134: =B134*(1+C133)*(1+C129) -> 2773.6579 | E134: =D134*(1+E133)*(1+E129) -> 0 | F134: =E134*(1+F133)*(1+F129) -> 0 | H134: =F134*(1+H133)*(1+H129) -> 0
A135: Increase in salaries due to increase in Judge salary levels, AMD mln | D135: =C134*D133 -> 832.09737 | E135: =C134*E133 -> 832.09737
A136: Total salaries after the increase in salary levels, AMD mln | C136: =C134+C135 -> 2773.6579 | D136: =C136+D135 -> 3605.7553 | E136: =D136+E135 -> 4437.8526 | F136: =E136+F135 -> 4437.8526 | H136: =F136+H135 -> 4437.8526
A137: Increase in salaries due to increased number of judges, AMD mln | D137: =D136*D129 -> 369.44214 | E137: =E136*E129 -> 742.3917 | F137: =F136*F129 -> 706.66443 | H137: =H136*H129 -> 0
A138: Total Salaries for judges after reforms (increased salaries+ judges), AMD mln | C138: =C136+C137 -> 2773.6579 | D138: =D136+D137 -> 3975.1974 | E138: =D138+E135+E137 -> 5549.6865 | F138: =E138+F135+F137 -> 6256.3509 | H138: =F138+H135+H137 -> 6256.3509
...
